 Dungeon Crawl Stone Soup version 0.23.2-33-g5129a83184 (webtiles) character file.

Game seed: 2130930652607116642

60 psyvane the Firebug (level 3, 0/26 HPs)
             Began as a Draconian Fire Elementalist on July 13, 2019.
             Slain by Natasha (3 damage)
             ... on level 2 of the Dungeon.
             The game lasted 00:03:15 (917 turns).

psyvane the Firebug (Draconian Fire Elementalist)    Turns: 917, Time: 00:03:16

Health: 0/26       AC:  5    Str: 10    XL:     3   Next: 82%
Magic:  1/6        EV: 12    Int: 15    God:
Gold:   0          SH:  0    Dex: 12    Spells: 5/6 levels left

rFire    . . .     SeeInvis .   e - +3 short sword
rCold    . . .     Gourm    .   (no shield)
rNeg     . . .     Faith    .   (armour unavailable)
rPois    .         Spirit   .   (helmet restricted)
rElec    .         Reflect  .   (no cloak)
rCorr    .         Harm     .   (no gloves)
MR       .....                  (no boots)
Stlth    ++........             (no amulet)
HPRegen  0.08/turn              (no ring)
MPRegen  0.10/turn              (no ring)

@: very slightly contaminated
A: unfitting armour, cold-blooded, AC +5
a: no special abilities


You were on level 2 of the Dungeon.
You were not hungry.

You visited 1 branch of the dungeon, and saw 2 of its levels.

Inventory:

Hand Weapons
 e - a +3 short sword (weapon)
Scrolls
 a - 3 scrolls of remove curse {unknown}
 c - a scroll of identify {unknown}
 d - a scroll of enchant armour {unknown}
 f - a scroll of magic mapping {unknown}
 h - a scroll of amnesia {unknown}
Comestibles
 b - 4 rations
 g - a chunk of flesh


   Skills:
 + Level 0.3 Short Blades
 - Level 1.7 Dodging
 - Level 1.7 Stealth
 - Level 2.0 Spellcasting
 - Level 1.0 Conjurations
 * Level 4.7 Fire Magic


You had 5 spell levels left.
You knew the following spells:

 Your Spells              Type           Power        Failure   Level  Hunger
a - Flame Tongue          Conj/Fire      ##...        7%          1    #......

Your spell library contained the following spells:

 Spells                   Type           Power        Failure   Level  Hunger
 Throw Flame              Conj/Fire      ##....       11%         2    ###....
 Conjure Flame            Conj/Fire      ##......     21%         3    ###....
 Inner Flame              Hex/Fire       #.......     26%         3    ###....
 Sticky Flame             Conj/Fire      ##......     56%         4    #####..
 Fireball                 Conj/Fire      ##........   88%         5    ######.


Dungeon Overview and Level Annotations

Branches:
Dungeon (2/15)

Altars:
Gozag

Annotations:
D:2 Natasha


Innate Abilities, Weirdness & Mutations

Your plain brown scales are hard. (AC +5)
You cannot fit into any form of body armour.
You are cold-blooded and may be slowed by cold attacks.


Message History

Confirm with . or Enter, or press ? or * to list all spells.
Aiming: Flame Tongue (safe; 7% risk of failure)
Press: ? - help, Shift-Dir - straight line, f/p - Natasha
Aim: Natasha (moderately wounded)
The flame tongue hits Natasha but does no damage.
Natasha is moderately wounded.
Natasha claws you!
Casting: Flame Tongue (safe; 7% risk of failure)
Confirm with . or Enter, or press ? or * to list all spells.
Aiming: Flame Tongue (safe; 7% risk of failure)
Press: ? - help, Shift-Dir - straight line, f/p - Natasha
Aim: Natasha (moderately wounded)
The flame tongue hits Natasha but does no damage.
Natasha is moderately wounded.
Natasha claws you!
* * * LOW HITPOINT WARNING * * *
You hit Natasha.
Natasha is severely wounded.
Natasha claws you.
You die...

######### ### #.......##
...## #####........#
#..###......#.@..#
###......?.##..##h##
...........##.....#
.###....#..###...#####
.#..........÷........##
.<.####.####...#.###..##.?
#..##.....##.h............
##.#..÷....#........(.....
##.#.......#.......#.#####


You could see Natasha.

Vanquished Creatures
  Natasha (D:2)
  4 dart slugs (D:1)
  A leopard gecko (D:1)
  2 bats
  A giant cockroach (D:1)
  4 goblins (D:1)
  3 hobgoblins (D:1)
  4 kobolds (D:1)
  3 frilled lizards
  3 rats (D:1)
26 creatures vanquished.

Notes
Turn   | Place    | Note
-------+----------+-------------------------------------------
     0 | D:1      | psyvane the Draconian Fire Elementalist began the quest for
                  | the Orb.
     0 | D:1      | Reached XP level 1. HP: 14/14 MP: 3/3
    80 | D:1      | Reached XP level 2. HP: 20/20 MP: 3/5
   310 | D:1      | Reached skill level 4 in Fire Magic
   437 | D:1      | Reached XP level 3. HP: 26/26 MP: 4/6
   713 | D:2      | Found an opulent altar of Gozag.
   738 | D:2      | Noticed Natasha
   749 | D:2      | Killed Natasha
   835 | D:2      | Noticed Natasha
   917 | D:2      | Slain by Natasha

Skill      XL: |  1  2 |
---------------+-------+-----
Fire Magic     | 4 |  4.7
Short Blades   | |  0.3
Dodging        | |  1.7
Stealth        | |  1.7
Spellcasting   | |  2.0
Conjurations   | |  1.0

Action                   || total
-------------------------++-------
Melee: Unarmed           ||    15
       Tailslap          ||     4
       Short sword       ||    16
 Cast: Flame Tongue      ||    35
 Stab: Sleeping          ||     2
  Eat: Chunk             ||     1
Armor: Skin              ||    11
Dodge: Dodged            ||    32
